 Dungeon Crawl Stone Soup version 0.19-a0-277-g85cb9a5 (webtiles) character file.

92 oplop the Sneak (level 4, -3/30 HPs)
             Began as a Vampire Enchanter on May 26, 2016.
             Killed from afar by an orc wizard (4 damage)
             ... with a puff of flame
             ... on level 4 of the Dungeon.
             The game lasted 00:04:13 (2571 turns).

oplop the Sneak (Vampire Enchanter)                 Turns: 2571, Time: 00:04:14

Health: -3/30      AC:  3    Str:  7    XL:     4   Next: 35%
Magic:  1/17       EV: 13    Int: 17    God:
Gold:   131        SH:  0    Dex: 15    Spells: 3 memorised, 2 levels left

rFire  . . .     SeeInvis +     k - +0 dagger (venom)
rCold  + + .     Gourm    .     A - +0 robe
rNeg   + + +     Faith    .     (no shield)
rPois  ∞         Spirit   .     (no helmet)
rElec  .         Dismiss  .     (no cloak)
rCorr  .         Reflect  .     i - +0 pair of gloves
SustAt .         Harm     .     (no boots)
MR     .....                    (no amulet)
Stlth  ++........               (no ring)
                                r - ring of magical power

@: confused, bloodless, non-regenerating, not resistant to hostile enchantments,
unstealthy
A: fangs 3, see invisible, unbreathing
a: Bat Form


You were on level 4 of the Dungeon.
You were bloodless.

You visited 1 branch of the dungeon, and saw 4 of its levels.

You collected 131 gold pieces.

Inventory:

Hand Weapons
 a - a +1 dagger
 k - a +0 dagger of venom (weapon)
 v - a +0 dagger of freezing
Missiles
 l - a throwing net (quivered)
Armour
 b - a +1 robe
 i - a +0 pair of gloves (worn)
 x - a +0 buckler
 A - a +0 robe (worn)
Jewellery
 r - a ring of magical power (left hand)
Scrolls
 e - 3 scrolls of remove curse
 g - a scroll of immolation {unknown}
 h - 2 scrolls of enchant weapon {unknown}
 j - a scroll of amnesia {unknown}
 s - a scroll of random uselessness {unknown}
 y - a scroll of fear {unknown}
Potions
 d - a potion of blood
 f - 3 potions of curing
 m - 2 potions of brilliance {unknown}
 n - 2 potions of magic {unknown}
 p - a potion of flight {unknown}
 q - a potion of cancellation {unknown}
 t - a potion of degeneration {unknown}
 u - a potion of haste {unknown}
 w - a potion of heal wounds {unknown}
 z - a potion of lignification {unknown}
 B - a potion of mutation {unknown}
Books
 c - a book of Maledictions

   Spells                             Type                      Level
   a - Corona                         Hexes                        1
   b - Ensorcelled Hibernation        Hexes/Ice                    2
   c - Confuse                        Hexes                        3
   d - Tukima's Dance                 Hexes                        3
   e - Dazzling Spray                 Conjuration/Hexes            3


   Skills:
 + Level 2.2 Short Blades
 + Level 3.1 Dodging
 + Level 5.1 Stealth
 + Level 2.6 Spellcasting
 + Level 5.0 Hexes


You had 2 spell levels left.
You knew the following spells:

 Your Spells              Type           Power        Failure   Level  Hunger
a - Corona                Hex            ###....      2%          1    #......
b - Ensorcelled Hibernat  Hex/Ice        ##....       12%         2    ##.....
c - Confuse               Hex            ###.....     10%         3    ###....


Dungeon Overview and Level Annotations

Branches:
Dungeon (4/15)
 Temple: D:4-7

Altars:

Annotations:
D:3 epen's ghost, amateur OpMo


Innate Abilities, Weirdness & Mutations

You do not heal naturally.
You are immune to poison.
You have razor-sharp teeth.
You have supernaturally acute eyesight. (SInv)
You can survive without breathing.


Message History

Casting: Confuse
Confirm with . or Enter, or press ? or * to list all spells.
You don't know that spell.
Unknown command.
Casting: Confuse
Confirm with . or Enter, or press ? or * to list all spells.
Aiming: Ensorcelled Hibernation
Press: ? - help, Shift-Dir - straight line, f - orc wizard
Aim: an orc wizard, wielding an enchanted dagger and wearing a robe (chance to defeat MR: 41%)
The orc wizard resists with some effort.
Read which item? (? for menu, Esc to quit)
As you read the scroll labeled NOSIFI COAC, it crumbles to dust.
You hear a loud clanging noise!
It was a scroll of noise.
You hear a shout!
You hear a howl!
You hear a shout!
The orc wizard points at you and mumbles some strange words.
You are confused.
The orc wizard points at you and mumbles some strange words.
The puff of flame hits you!
You die...

#.#.# ....#.#
...#.# #..#.#
..#.# # #...#
... #...#
.....##...# ##
#.....<@o# ..
########o#.#####
.......o....o..
#######.#.#####
#.#.# ... # #..
#... ##..


You could see 2 orc wizards and an orc.

Vanquished Creatures
  2 adders
  2 oozes (D:1)
  5 worms
  2 dart slugs
  2 giant geckos
  An orc (D:3)
  4 giant cockroaches
  5 goblins
  7 hobgoblins
  3 quokkas
  4 bats
  5 kobolds
  3 rats
45 creatures vanquished.

Notes
Turn   | Place    | Note
--------------------------------------------------------------
     0 | D:1      | oplop the Vampire Enchanter began the quest for the Orb.
     0 | D:1      | Reached XP level 1. HP: 13/13 MP: 3/3
    61 | D:1      | Reached XP level 2. HP: 10/19 MP: 5/5
  1121 | D:2      | Reached XP level 3. HP: 24/24 MP: 6/6
  1366 | D:2      | Learned a level 3 spell: Confuse
  1369 | D:2      | Learned a level 2 spell: Ensorcelled Hibernation
  1738 | D:2      | Reached skill level 5 in Hexes
  1921 | D:3      | Reached skill level 5 in Stealth
  1921 | D:3      | Reached XP level 4. HP: 22/30 MP: 7/7
  2025 | D:3      | Noticed epen's ghost (amateur OpMo)
  2569 | D:4      | HP: 1/30 [orc wizard/puff of flame (10)]
  2571 | D:4      | Killed from afar by an orc wizard

Vault maps used:
D:1:      erik_arrival_gehennom, serial_corexii_hall, corexii_hall_statues_t,
          corexii_hall_statues_u
D:3:      grunt_temple_overflow_opulence
D:4:      nicolae_dithmenos_shadow_blocks, first_bread, enter_ossuary_1

Skill      XL: |  1  2  3 |
---------------+----------+-----
Short Blades   | 2 |  2.2
Dodging        | 3 |  3.1
Hexes          | 5 |  5.0
Stealth        | 5 |  5.1
Spellcasting   | |  2.6

Action                   |  1- 3 |  4- 6 || total
-------------------------+-------+-------++-------
Melee: Dagger            |    99 |    23 ||   122
       Bite              |    10 |     1 ||    11
 Cast: Corona            |     2 |       ||     2
       Ensorcelled Hiber |     1 |     1 ||     2
       Confuse           |       |    10 ||    10
 Abil: End Transformatio |     2 |     2 ||     4
       Bat Form          |     2 |     2 ||     4
  Use: Scroll            |       |     3 ||     3
 Stab: Sleeping          |    17 |     2 ||    19
       Distracted        |       |     1 ||     1
Armor: Robe              |     9 |     4 ||    13
Dodge: Dodged            |    49 |    14 ||    63
